 Dungeon Crawl Stone Soup version 0.31-a0-667-g39726597b9 (webtiles) character file.

Game seed: 15938843500253193604

16800 LobsterGuardian the Thaumaturge (level 12, -10/45 HPs)
             Began as a Felid Venom Mage on Sept 3, 2023.
             Was an Initiate of Gozag.
             Killed from afar by an efreet (36 damage)
             ... with a fireball
             ... on level 11 of the Dungeon.
             The game lasted 00:52:20 (15127 turns).

LobsterGuardian the Thaumaturge (Felid Venom Mage) Turns: 15127, Time: 00:52:22

Health: -10/45     AC:  3    Str:  4    XL:     12   Next: 13%
Magic:  37/37      EV: 19    Int: 22    God:    Gozag
Gold:   1049       SH:  0    Dex: 16    Spells: 15/33 levels left
                                        Lives:  0   Deaths: 4

rFire   . . .        (weapon unavailable)
rCold   + . .        (shield unavailable)
rNeg    . . .        (body armour unavailable)
rPois   +            (helmet unavailable)
rElec   .            (cloak unavailable)
rCorr   .            (gloves unavailable)
SInv    +            (boots unavailable)
Will    +....        u - amulet of the acrobat
Stlth   ++++         q - ring of poison resistance
HPRegen 0.27/turn    m - ring of magical power
MPRegen 0.25/turn

%: acrobat
@: silenced, quick
A: very small, claws 1, fangs 3, see invisible, speed 1, shaggy fur 3, stealthy
paws, no weapons or thrown items, no armour, multi-lived
a: Renounce Religion


You were on level 11 of the Dungeon.
You worshipped Gozag.
Gozag was most pleased with you.
You visited 2 branches of the dungeon, and saw 12 of its levels.
You also visited: Bailey.

You collected 3257 gold pieces.
You spent 727 gold pieces at shops.
You paid 1481 gold pieces to Gozag.

Inventory:

Jewellery
 m - a ring of magical power (right paw)
 q - a ring of poison resistance (left paw)
 s - a ring of wizardry
 u - an amulet of the acrobat (around neck)
 x - a ring of positive energy
Wands
 a - a wand of polymorph (6)
 e - a wand of acid (14)
 g - a wand of roots (30)
 i - a wand of mindburst (7)
Scrolls
 b - 3 scrolls of noise
 h - a scroll of enchant armour
 k - a scroll of butterflies
 l - a scroll of amnesia
 t - 2 scrolls of poison
 w - a scroll of vulnerability
Potions
 c - a potion of invisibility
 d - 4 potions of degeneration
 j - a potion of attraction
 n - 2 potions of lignification
 o - 6 potions of curing
 p - 4 potions of enlightenment
 r - 2 potions of haste
 z - a potion of magic
 A - a potion of heal wounds
 B - a potion of berserk rage


   Skills:
 + Level 1.1 Fighting
 + Level 4.5 Dodging
 * Level 10.4 Stealth
 * Level 11.1 Spellcasting
 + Level 1.7 Conjurations
 - Level 5.0 Transmutations
 + Level 3.2 Fire Magic
 + Level 0.3 Ice Magic
 - Level 5.0 Air Magic
 * Level 10.9 Poison Magic


You had 15 spell levels left.
You knew the following spells:

 Your Spells              Type           Power      Damage    Failure   Level
a - Sting                 Tmut/Pois      100%       1d8       1%          1
b - Poisonous Vapours     Pois/Air       94%        N/A       1%          2
c - Mephitic Cloud        Conj/Pois/Air  38%        N/A       1%          3
d - Olgreb's Toxic Radia  Pois           57%        N/A       1%          4
e - Ignite Poison         Fire/Tmut/Pois 40%        N/A       1%          3
f - Freezing Cloud        Conj/Ice/Air   11%        6-21      50%         5

Your spell library contained the following spells:

 Spells                   Type           Power      Damage    Failure   Level
 Cigotuvi's Dreadful Rot  Necr/Pois/Air  70%        N/A       1%          2
 Magic Dart               Conj           76%        1d6       2%          1
 Apportation              Tloc           24%        N/A       5%          1
 Alistair's Intoxication  Tmut/Pois      31%        N/A       5%          5
 Call Imp                 Summ           24%        N/A       9%          2
 Dispel Undead            Necr           12%        3d9       47%         4
 Passage of Golubria      Tloc           12%        N/A       47%         4
 Death Channel            Necr           6%         N/A       100%        6
 Dispersal                Tloc           6%         N/A       100%        6
 Chain Lightning          Conj/Air       13%        3d18      100%        9
 Fire Storm               Conj/Fire      11%        8d3       100%        9
 Shatter                  Erth           6%         3d9*      100%        9


Dungeon Overview and Level Annotations

Branches:
Dungeon (11/15)            Temple (1/1) D:6            Lair (0/5) D:10
    Orc (0/2) D:11         Bailey (visited)

Altars:
Ashenzari
Cheibriados
Dithmenos
Fedhas
Gozag
Hepliaklqana
Kikubaaqudgha
Makhleb
Nemelex Xobeh
Okawaru
Ru
Sif Muna
Trog
Uskayaw
Vehumet
Wu Jian
Xom
Yredelemnul
The Shining One

Shops:
D:6 *=(   D:9 =   D:11 !*

Portals:
Trove: D:10 (give 2 scrolls of acquirement)


Innate Abilities, Weirdness & Mutations

You have sharp claws.
You have razor-sharp teeth.
You have supernaturally acute eyesight. (SInv)
You cover ground quickly. (Speed+)
Your thick and shaggy fur keeps you warm. (AC +3, rC+)
Your paws help you pounce on unaware monsters.
You are incapable of wielding weapons or throwing items.
You cannot wear armour.
You gain extra lives every three experience levels.


Message History

Aim: an efreet, wielding a +4 scimitar of flaming (lightly wounded, covered in acid)
The roots erupt in riotous growth!
Roots grab the efreet.
The grasping roots constrict the efreet!
The efreet gestures at you. The bolt of fire hits you!!
Ouch! That really hurt!
You die...
You rejoin the land of the living...
The roots lose their grip on something.
Found 14 gold pieces.
You now have 1038 gold pieces (gained 3).
You now have 1049 gold pieces (gained 11).
A goblin zombie comes into view.
Found 15 gold pieces.
Aiming: Fastroot
Press: ? - help, Shift-Dir - straight line, f/p - efreet
Aim: an efreet, wielding a +4 scimitar of flaming (moderately wounded)
The roots erupt in riotous growth!
Roots grab the efreet.
The centaur shouts!
The grasping roots constrict the efreet.
You hear a roar!
The efreet escapes!
Unknown command.
As you read the scroll labelled YNNEOJ VOHOI, it crumbles to dust.
It is a scroll of enchant weapon.
You aren't carrying any weapons that can be enchanted.
The goblin zombie hits you but does no damage.
An acid dragon comes into view.
The efreet gestures at you.
The fireball explodes!
The fireball engulfs you!!
The fireball engulfs the goblin zombie!
The acid dragon roars!
As you read the scroll of silence, it crumbles to dust.
A profound silence engulfs you. The efreet gestures at you.
The fireball explodes!
The fireball engulfs you!!!
Ouch! That really hurt!
You die...
Your body crumbles into a pile of gold.

## ........ .#
...$D.#####.... .#
...............# .#
###....$.....$$.#
.########°[.............#
...#...°..#°....c.......
#..#..°####..R$.........
......R# #.....Z...#
###..∩∩#
#.....@...##########
......>#
#..................#
####...#
.....)?.............# #
#...#
.......###..........# #
##### .......#
#..........# # #########
#..........# #
#..........# #..........#
#..........#


You could see an efreet (unsilenced), an acid dragon, a centaur and a goblin
zombie.

Vanquished Creatures
  2 two-headed ogres
  3 death yaks (D:10)
  Urug (D:11)
  Lodul (D:10)
  A deep elf pyromancer (D:11)
  2 cyclopes
  A kobold demonologist (D:9)
  5 trolls
  Prince Ribbit (D:7)
  A shadow (D:9)
  A vampire (D:11)
  24 yaks
  2 steam dragons
  Grum (Bailey)
  Menkaure (D:7)
  A water moccasin (D:8)
  Duvessa (D:7)
  3 orc warriors
  4 sky beasts
  A black bear (D:5)
  5 phantoms
  8 wolves (Bailey)
  6 ogres (D:10)
  6 centaurs (D:11)
  2 kobold brigands
  6 gnoll sergeants (Bailey)
  5 bullfrogs
  9 scorpions
  3 wights (D:8)
  Dowan (D:7)
  4 killer bees (D:10)
  9 hounds
  Crazy Yiuf (D:4)
  4 orc priests
  6 gnoll boudas
  A sleepcap (D:8)
  An iguana (D:6)
  8 orc wizards
  3 hell rats (D:10)
  2 ogre zombies (D:11)
  Robin (D:3)
  15 gnolls
  6 adders
  3 river rats (D:10)
  5 white imps
  2 ufetubi
  2 worms
  2 dart slugs
  34 orcs
  7 endoplasms
  3 giant cockroaches
  14 goblins
  6 hobgoblins
  4 jackals (D:1)
  7 quokkas
  12 ball pythons
  6 bats
  4 frilled lizards
  2 goblin zombies (D:11)
  15 kobolds
  An orc skeleton (D:11)
  6 orc zombies (D:11)
  2 rats (D:1)
306 creatures vanquished.

Vanquished Creatures (others)
  A goblin zombie (D:11)
  An orc skeleton (D:11)
  An orc zombie (D:11)
3 creatures vanquished.

Grand Total: 309 creatures vanquished

Notes
Turn   | Place    | Note
-------+----------+-------------------------------------------
     0 | D:1      | LobsterGuardian the Felid Venom Mage began the quest for
                  | the Orb.
     0 | D:1      | Reached XP level 1. HP: 7/7 MP: 4/4
   224 | D:1      | Slain by a quokka
   308 | D:1      | Reached XP level 2. HP: 11/11 MP: 4/6
   311 | D:1      | Learned a level 2 spell: Poisonous Vapours
  1054 | D:1      | Reached XP level 3. HP: 13/14 MP: 4/7
  1141 | D:1      | Learned a level 3 spell: Mephitic Cloud
  1905 | D:2      | You fall into a shaft and drop 2 floors!
  1905 | D:4      | Found a sacrificial altar of Ru.
  1971 | D:4      | Reached XP level 4. HP: 17/18 MP: 2/8
  2243 | D:4      | Found an iron altar of Okawaru.
  2639 | D:3      | Found a blossoming altar of Fedhas.
  2690 | D:3      | Slain by an orc
  2730 | D:3      | Reached XP level 5. HP: 21/21 MP: 3/9
  3256 | D:3      | Noticed Robin
  3306 | D:3      | Killed Robin
  4271 | D:4      | Reached skill level 5 in Poison Magic
  4362 | D:4      | Reached skill level 3 in Spellcasting
  4419 | D:4      | Gained mutation: You are covered in thick fur. (AC +2)
                  | [Felid growth]
  4419 | D:4      | Reached XP level 6. HP: 21/24 MP: 7/11
  4590 | D:4      | Found a runed translucent door.
  4591 | D:4      | Noticed Crazy Yiuf
  4621 | D:4      | Killed Crazy Yiuf
  4777 | D:5      | Entered Level 5 of the Dungeon
  4842 | D:5      | Noticed a water moccasin
  5098 | D:5      | Reached skill level 4 in Spellcasting
  5098 | D:5      | Reached XP level 7. HP: 19/27 MP: 1/14
  5273 | D:5      | Reached skill level 1 in Air Magic
  5295 | D:5      | Slain by a black bear
  5324 | D:5      | HP: 1/28 [white imp/puff of frost (13)]
  6064 | D:6      | Reached skill level 5 in Spellcasting
  6219 | D:6      | Learned a level 4 spell: Olgreb's Toxic Radiance
  6223 | D:6      | Learned a level 3 spell: Ignite Poison
  6362 | D:6      | Reached XP level 8. HP: 31/31 MP: 9/17
  6974 | D:6      | Found Wergh's Weapon Shoppe.
  7063 | D:6      | Found Cisitz's Jewellery Emporium.
  7199 | D:6      | Found a staircase to the Ecumenical Temple.
  7210 | Temple   | Entered the Ecumenical Temple
  7221 | Temple   | Became a worshipper of Gozag Ym Sagoz the Greedy
  7272 | D:6      | Found Acrujetsy's Assorted Antiques.
  7275 | D:6      | Bought a square bronze amulet for 155 gold pieces
  7489 | D:7      | Noticed Prince Ribbit
  7655 | D:7      | Found a flagged portal.
  7657 | D:7      | Reached skill level 5 in Stealth
  7657 | D:7      | Reached skill level 6 in Spellcasting
  7668 | Bailey   | Entered a bailey
  8045 | Bailey   | Reached skill level 1 in Fire Magic
  8045 | Bailey   | Reached XP level 9. HP: 26/34 MP: 1/19
  8063 | Bailey   | Found the +8 lance "Wyrmbane" {slay drac, rPois rF+ rC+
                  | AC+3}
  8444 | Bailey   | Reached skill level 7 in Spellcasting
  8659 | Bailey   | Noticed Grum
  8664 | Bailey   | Killed Grum
  9172 | D:7      | Killed Prince Ribbit
  9179 | D:7      | Learned a level 5 spell: Freezing Cloud
  9263 | D:7      | Noticed a cyclops
  9351 | D:7      | Killed a cyclops
  9352 | D:7      | Reached skill level 8 in Spellcasting
  9475 | D:6      | Bought a ring of magical power for 260 gold pieces
  9627 | D:7      | Noticed Menkaure
  9635 | D:7      | Killed Menkaure
  9636 | D:7      | Reached XP level 10. HP: 22/38 MP: 23/23
  9714 | D:7      | Noticed Dowan
  9717 | D:7      | Killed Dowan
  9749 | D:7      | Noticed Duvessa
  9753 | D:7      | Killed Duvessa
  9838 | D:7      | Found a sparkling altar of Nemelex Xobeh.
  9979 | D:7      | Reached skill level 1 in Conjurations
 10715 | D:8      | Found an ancient bone altar of Kikubaaqudgha.
 11947 | D:9      | Found Neqiac's One-of-a-Kind Rings.
 12281 | D:9      | Reached skill level 1 in Fighting
 12281 | D:9      | Reached skill level 9 in Spellcasting
 12344 | D:9      | Got Yfozaqow's Handbook of Orientation
 12624 | D:9      | Reached XP level 11. HP: 42/42 MP: 17/25
 12753 | D:9      | Found a bloodstained altar of Trog.
 12887 | D:10     | Entered Level 10 of the Dungeon
 12924 | D:10     | Noticed Lodul
 12928 | D:10     | Killed Lodul
 13113 | D:10     | Noticed a death yak
 13136 | D:10     | Killed a death yak
 13175 | D:10     | Noticed a death yak
 13180 | D:10     | Killed a death yak
 13181 | D:10     | Reached skill level 5 in Transmutations
 13181 | D:10     | Noticed a death yak
 13191 | D:10     | Reached skill level 10 in Poison Magic
 13205 | D:10     | Killed a death yak
 13369 | D:10     | Found a staircase to the Lair.
 13390 | D:10     | Found a portal to a secret trove of treasure.
 13632 | D:10     | Reached skill level 10 in Spellcasting
 13711 | D:10     | Noticed a two-headed ogre
 13716 | D:10     | Killed a two-headed ogre
 14087 | D:10     | Reached skill level 10 in Stealth
 14350 | D:11     | Noticed a skeletal warrior
 14350 | D:11     | Found a staircase to the Orcish Mines.
 14411 | D:11     | Noticed a two-headed ogre
 14419 | D:11     | Killed a two-headed ogre
 14841 | D:11     | Noticed a skeletal warrior
 14841 | D:11     | Noticed a skeletal warrior
 14844 | D:11     | Noticed Urug
 14934 | D:11     | Reached skill level 11 in Spellcasting
 14934 | D:11     | Gained mutation: Your thick and shaggy fur keeps you warm.
                  | (AC +3, rC+) [Felid growth]
 14934 | D:11     | Reached XP level 12. HP: 45/45 MP: 25/28
 15016 | D:11     | Killed Urug
 15038 | D:11     | Bought a potion of invisibility for 104 gold pieces
 15038 | D:11     | Bought 2 potions of curing for 78 gold pieces
 15038 | D:11     | Bought a potion of heal wounds for 65 gold pieces
 15038 | D:11     | Bought a potion of berserk rage for 65 gold pieces
 15088 | D:11     | Reached skill level 5 in Air Magic
 15110 | D:11     | Killed from afar by an efreet
 15127 | D:11     | Killed from afar by an efreet

Illustrated notes

Levels and vault maps discovered:
D:1:      onia_arrival_mini_spirals, layout_basic,
          nicolae_houndstooth_variations
D:2:      layout_loops_ring
D:3:      layout_basic, fedhas_altar_1, grunt_ministairs_12, uniq_robin
D:4:      layout_basic, nicolae_overflow_hidden_temple,
          kennysheep_okawaru_gauntlet, nicolae_ossuary_entry_ruins,
          uniq_crazy_yiuf_cottage
D:5:      layout_loops_ring, minmay_misc_feat_encased
D:6:      layout_loops_ring, minmay_temple_entry_statues_fountains,
          serial_shops, kennysheep_mini_moat, shop, shop
D:7:      layout_rooms, nemelex_altar_shiori, enter_bailey_2, uniq_menkaure,
          uniq_prince_ribbit1, uniq_duvessa
D:8:      layout_basic, mainiacjoe_overflow_surrounded_room,
          grunt_decor_arrowhead
D:9:      layout_irregular_city, trog_book, nicolae_shop_unique_rings
D:10:     layout_irregular_city, dpeg_lair_monsters, enter_trove_2, uniq_lodul
D:11:     layout_basic, zombieorc2_lemuel, uniq_grum, uniq_urug
Temple:   hellmonk_temple_forest_ring

Skill      XL: |  1  2  3  4  5  6  7  8  9 10 11 12 |
---------------+-------------------------------------+-----
Poison Magic   | 3 4 5 6 7 8 9 10 | 10.9
Stealth        | 3 4 5 7 8 10 | 10.4
Spellcasting   | 3 4 5 6 8 9 11 | 11.1
Transmutations | 2 3 4 5 |  5.0
Dodging        | 3 4 |  4.5
Air Magic      | 1 3 4 5 |  5.0
Fire Magic     | 1 2 3 |  3.2
Conjurations   | 1 |  1.7
Fighting       | 1 |  1.1
Ice Magic      | |  0.3

Action                     |  1- 3 |  4- 6 |  7- 9 | 10-12 || total
---------------------------+-------+-------+-------+-------++-------
  Melee: Unarmed           |    27 |    58 |   103 |    70 ||   258
         Bite              |     5 |     7 |    15 |    14 ||    41
         Punch             |     1 |     1 |     4 |     1 ||     7
   Cast: Sting             |    59 |    81 |    81 |    42 ||   263
         Poisonous Vapours |    12 |    32 |    53 |    41 ||   138
         Mephitic Cloud    |       |     4 |    21 |    28 ||    53
         Ignite Poison     |       |       |    35 |    67 ||   102
         Olgreb's Toxic Ra |       |       |    11 |    26 ||    37
         Freezing Cloud    |       |       |       |     2 ||     2
 Invoke: Potion Petition   |       |       |     1 |       ||     1
         Call Merchant     |       |       |       |     2 ||     2
  Evoke: Wand              |       |       |     2 |     4 ||     6
    Use: Scroll            |     6 |     3 |     6 |     7 ||    22
         Potion            |       |     7 |     5 |     1 ||    13
   Stab: Sleeping          |     7 |     9 |     4 |     6 ||    26
         Confused          |       |     1 |     2 |       ||     3
         Distracted        |       |       |       |     3 ||     3
 Armour: Skin              |    20 |    35 |    68 |    50 ||   173
  Dodge: Dodged            |    46 |    72 |   134 |    80 ||   332

Table legend: (Time is in decaauts)
 A = Elapsed time spent in this place.
 B = Non-inter-level travel time spent in this place.
 C = Inter-level travel time spent in this place.
 D = Time resting spent in this place.
 E = Time spent auto-exploring this place.
 F = Levels seen in this place.
 G = Mean time per level.
                   A        B        C        D        E       F      G
               +--------+--------+--------+--------+--------+-----+--------+
         Total |  13661 |  13145 |    516 |    174 |  10876 |  13 | 1050.8 |
       Dungeon |  12211 |  11713 |    498 |    174 |   9729 |  11 | 1110.1 |
        Temple |     18 |      1 |     17 |      0 |      0 |   1 |   18.0 |
        Bailey |   1431 |   1431 |      0 |      0 |   1147 |   1 | 1431.0 |
               +--------+--------+--------+--------+--------+-----+--------+

Top non-repeatable levels by time:
     D:6: 1583 daAuts
    D:10: 1545 daAuts
  Bailey: 1431 daAuts
     D:3: 1298 daAuts
     D:8: 1134 daAuts
     D:7: 1134 daAuts
     D:1: 1120 daAuts
     D:4: 1057 daAuts
     D:9: 1047 daAuts
     D:5: 1023 daAuts
     D:2: 752 daAuts
    D:11: 512 daAuts
  Temple: 18 daAuts
